 Dungeon Crawl Stone Soup version 0.16.1-2-g95b8d4c (webtiles) character file.

23 ImaNewbie the Sneak (level 2, 0/13 HPs)
             Began as a Spriggan Enchanter on Mar 24, 2015.
             Slain by a worm (4 damage)
             ... on level 2 of the Dungeon.
             The game lasted 00:03:51 (1282 turns).

ImaNewbie the Sneak (Spriggan Enchanter)            Turns: 1282, Time: 00:03:52

Health: 0/13       AC:  3    Str:  4    XL:     2   Next: 72%
Magic:  7/7        EV: 18    Int: 14    God:
Gold:   37         SH:  0    Dex: 16    Spells: 1 memorised, 5 levels left

rFire  . . .     SeeInvis +     a - +1 dagger
rCold  . . .     Clarity  .     b - +1 robe
rNeg   . . .     SustAb   .     (shield restricted)
rPois  .         Gourm    .     (helmet restricted)
rElec  .         Spirit   .     (no cloak)
rCorr  .         Warding  .     (gloves unavailable)
rMut   .         Stasis   .     (boots unavailable)
MR     .....                    (no amulet)
Stlth  ++++......               (no ring)
                                j - -2 ring of intelligence (curse)

@: very quick, not resistant to hostile enchantments, stealthy
A: unfitting armour, see invisible, herbivore 3, speed 3, slow metabolism 2
a: no special abilities


You were on level 2 of the Dungeon.
You were not hungry.

You visited 1 branch of the dungeon, and saw 2 of its levels.

You collected 37 gold pieces.

Inventory:

Hand weapons
 a - a +1 dagger (weapon)
Armour
 b - a +1 robe (worn)
Jewellery
 j - a cursed -2 ring of intelligence (left hand)
 l - an uncursed ring of stealth {unknown}
Scrolls
 e - a scroll of remove curse {unknown}
 i - 3 scrolls of recharging {unknown}
 k - a scroll of identify {unknown}
Potions
 f - a potion of curing {unknown}
 g - a potion of invisibility {unknown}
 h - 2 potions of might {unknown}
 m - a potion of brilliance {unknown}
Books
 c - a book of Maledictions

   Spells                             Type                      Level
   a - Corona                         Hexes                        1
   b - Sure Blade                     Hexes/Charms                 2
   c - Ensorcelled Hibernation        Hexes/Ice                    2
   d - Confuse                        Hexes                        3
   e - Dazzling Spray                 Conjuration/Hexes            3
   f - Enslavement                    Hexes                        4
Comestibles
 d - a bread ration


   Skills:
 - Level 1.1 Short Blades
 - Level 3.0 Dodging
 + Level 6.2 Stealth
 - Level 2.6 Spellcasting
 - Level 3.6 Hexes


You had 5 spell levels left.
You knew the following spells:

 Your Spells              Type           Power        Failure   Level  Hunger
a - Corona                Hex            ##.....      6%          1    #......


Dungeon Overview and Level Annotations

Branches:
Dungeon (2/15)

Altars:
Okawaru


Innate Abilities, Weirdness & Mutations

You are tiny and cannot use many weapons and most armour.
You have supernaturally acute eyesight.
You are a herbivore.
You cover ground extremely quickly.
You need consume almost no food.


Message History

You open the door.
There is an open door here.
There is an open door here.
The worm is too close now for your liking.
You strike the helpless worm from a blind spot!
You hit the worm!
The worm is heavily wounded.
You hit the worm.
The worm is severely wounded.
The worm bites you!
Ouch! That really hurt!
You hit the worm.
The worm is severely wounded.
The worm closely misses you.
You hit the worm.
The worm is almost dead.
You hit the worm but do no damage.
The worm is almost dead.
The worm bites you.
You die...

####.....#.#...... ### .
#.....#.#####.. ##(.... .##.#
#.....#.# #.. #.........#.#
#.....#.# #..
#...........####....##.# #..
.....g......#..........# ###
...........#.##########
#..#.......#.# #
#..#.......#@#
#.##.....#....w.#
#...g..#.#..#.####### #######
#...#....#..........# #.....#
#g#.#....#.###.####.# #.♣P..#
#.#!#....#..<.....#.###..≈≈.#
# #.#.#########.#...^...≈≈≈##
#.#......# #.###.###...P#
#.######.# #.# #.....♣≈.#


You could see a worm.

Vanquished Creatures
  A worm (D:2)
  A giant gecko (D:1)
  2 bats
  A giant cockroach (D:2)
  A goblin (D:2)
  A hobgoblin (D:2)
  3 jackals (D:1)
  2 kobolds (D:2)
  A ball python (D:2)
  2 rats (D:1)
15 creatures vanquished.

Notes
Turn   | Place    | Note
--------------------------------------------------------------
     0 | D:1      | ImaNewbie, the Spriggan Enchanter, began the quest for the Orb.
     0 | D:1      | Reached XP level 1. HP: 9/9 MP: 4/4
     6 | D:1      | Noticed a fire drake
     6 | D:1      | Noticed a polar bear
     6 | D:1      | Noticed a water moccasin
     6 | D:1      | Noticed a wolf
   265 | D:1      | Reached skill level 5 in Stealth
   489 | D:1      | Reached XP level 2. HP: 7/13 MP: 7/7
   830 | D:2      | Found an iron altar of Okawaru.
  1144 | D:2      | Reached skill level 6 in Stealth
  1282 | D:2      | Slain by a worm

Action                   || total
-------------------------++-------
Melee: Dagger            ||    81
 Stab: Sleeping          ||     5
       Distracted        ||     1
